 Dungeon Crawl Stone Soup version 0.18-a0-867-gfd1cc8f (webtiles) character file.

43710 Raultor the Martial Artist (level 13, -5/116 HPs)
             Began as a Purple Draconian Monk on Dec 21, 2015.
             Was a High Priest of Ashenzari.
             Slain by a death yak (27 damage)
             ... on level 7 of the Lair of Beasts.
             The game lasted 01:15:19 (21726 turns).

Raultor the Martial Artist (Purple Draconian Monk) Turns: 21726, Time: 01:15:19

Health: -5/116     AC: 12    Str: 18    XL:     13   Next: 92%
Magic:  13/18      EV: 19    Int: 13    God:    Ashenzari [*****.]
Gold:   410        SH:  8    Dex: 17    Spells: 2 memorised, 11 levels left

rFire  . . .     SeeInvis +       - Unarmed
rCold  . . .     Gourm    .     (armour unavailable)
rNeg   . . .     Faith    .     x - +2 buckler (curse)
rPois  .         Spirit   .     (helmet restricted)
rElec  .         Dismiss  .     Y - +0 cloak (curse)
rCorr  .         Reflect  .     A - +2 pair of gloves (curse)
SustAt .         Harm     .     (no boots)
MR     +....     Clarity  +     R - amulet of regeneration (curse) {+regen, !d}
Stlth  +.........               J - +3 ring of strength (curse)
                                k - ring of loudness (curse) {Stlth-}

@: very slightly contaminated, hasted, very quick, somewhat resistant to hostile
enchantments, very unstealthy
A: breathe power, unfitting armour, clarity, clever 1, cold-blooded, AC +8
a: Breathe Dispelling Energy, Scrying, Transfer Knowledge, Renounce Religion


You were on level 7 of the Lair of Beasts.
You worshipped Ashenzari.
Ashenzari was extremely pleased with you.
You were very hungry.

You visited 3 branches of the dungeon, and saw 19 of its levels.
You also visited: Ossuary.

You collected 1188 gold pieces.
You spent 778 gold pieces at shops.

Inventory:

Missiles
 t - 7 silver javelins (quivered)
Armour
 x - a cursed +2 buckler (worn)
   (You found it on level 3 of the Dungeon)
 A - a cursed +2 pair of gloves (worn)
   (You found it on level 3 of the Dungeon)
 Y - a cursed +0 cloak (worn)
   (You found it on level 6 of the Lair of Beasts)
Magical Staves
 N - an uncursed staff of air {rElec}
   (You found it on level 9 of the Dungeon)
 O - an uncursed staff of death {rN+}
   (You found it on level 10 of the Dungeon)
Jewellery
 k - a cursed ring of loudness (left hand) {Stlth-}
   (You found it on level 1 of the Dungeon)
 D - an uncursed ring of flight {+Fly, !d}
   (You found it on level 9 of the Dungeon)
 I - an uncursed ring of ice {rC+, rF-}
   (You found it on level 9 of the Dungeon)
 J - a cursed +3 ring of strength (right hand)
   (You found it on level 7 of the Dungeon)
 R - a cursed amulet of regeneration (around neck) {+regen, !d}
   (You found it on level 2 of the Lair of Beasts)
 T - a +2 amulet of reflection
   (You found it on level 2 of the Lair of Beasts)
Wands
 h - a wand of fire (4/15)
   (You found it on level 2 of the Lair of Beasts)
 z - a wand of cold (0/15)
   (You found it on level 9 of the Dungeon)
 M - a wand of hasting (5/9)
   (You found it on level 8 of the Dungeon)
 Z - a wand of polymorph (9/24)
   (You found it on level 4 of the Lair of Beasts)
Scrolls
 e - 6 scrolls of fog
 f - 2 scrolls of identify
 l - a scroll of curse armour
 m - a scroll of teleportation
 o - 2 scrolls of enchant armour
 r - 3 scrolls of amnesia
 v - 2 scrolls of fear
 B - 3 scrolls of magic mapping {!r}
 C - 6 scrolls of enchant weapon
 E - a scroll of blinking {!r}
 K - 3 scrolls of curse weapon
 P - a scroll of silence
 Q - a scroll of recharging
 U - 4 scrolls of remove curse
Potions
 c - a potion of lignification {!q}
 d - 4 potions of curing
 g - 9 potions of haste
 j - a potion of invisibility
 s - a potion of agility
 w - 2 potions of might
 G - 4 potions of resistance
 L - 2 potions of heal wounds
Books
 b - Roxanne's Almanac of the Mutagenic Rocks
   (You bought it in a shop on level 4 of the Dungeon)

   Spells                             Type                      Level
   a - Stoneskin                      Transmutation/Earth          2
   b - Stone Arrow                    Conjuration/Earth            3
   c - Passwall                       Transmutation/Earth          3
   d - Leda's Liquefaction            Hexes/Earth                  4
   e - Bolt of Magma                  Conjuration/Fire/Earth       5
   f - Lee's Rapid Deconstruction     Earth                        5
   g - Statue Form                    Transmutation/Earth          6
   h - Shatter                        Earth                        9
 u - a book of Unlife
   (You found it on level 6 of the Lair of Beasts)
 S - a Necronomicon
   (You found it on level 2 of the Lair of Beasts)
 X - a book of Callings
   (You found it on level 6 of the Lair of Beasts)
Comestibles
 a - 7 bread rations {@e1}
 n - 2 beef jerkies
 F - 15 fruits
 H - 5 chunks of flesh {@w0}
 V - 14 meat rations {@e2}


   Skills:
 - Level 11.5 Fighting
 - Level 9.8 Dodging
 - Level 1.7 Stealth
 - Level 3.2(5.5) Shields
 - Level 14.3 Unarmed Combat
 - Level 3.5 Spellcasting
 + Level 8.9(12.8) Transmutations
 + Level 8.6(12.5) Earth Magic
 - Level 4.3(8.1) Evocations


You had 11 spell levels left.
You knew the following spells:

 Your Spells              Type           Power        Failure   Level  Hunger
a - Statue Form           Trmt/Erth      #####....    21%         6    #######
s - Stoneskin             Trmt/Erth      #####...     1%          2    ##.....


Dungeon Overview and Level Annotations

Branches:
Dungeon (11/15)            Temple (1/1) D:7            Lair (7/8) D:10
 Shoals (0/4) Lair:3       Spider (0/4) Lair:4          Orc (0/2) D:11
  Slime: Lair:6-8

Altars:
Ashenzari
Cheibriados
Dithmenos
Elyvilon
Fedhas
Gozag
Kikubaaqudgha
Makhleb
Nemelex Xobeh
Okawaru
Pakellas
Qazlal
Ru
Sif Muna
Trog
Vehumet
Xom
Yredelemnul
Zin
The Shining One
Lugonu

Shops:
D:4 *   D:10 *


Innate Abilities, Weirdness & Mutations

You can breathe bolts of dispelling energy.
Your rich purple scales are hard (AC +8).
Your body does not fit into most forms of armour.
You are cold-blooded and may be slowed by cold attacks.
You possess an exceptional clarity of mind.
Your mind is acute. (Int +2)


Message History

You hit the death yak but do no damage.
You tail-slap the death yak, but do no damage.
You block the death yak's attack.
You hit the death yak but do no damage. You hit the death yak but do no damage.
The death yak barely misses you.
Drink which item? (? for menu, Esc to quit)
Okay, then.
Aim: a death yak The bolt of cold hits the death yak. x2
This wand has 3 charges left.
You block the death yak's attack.
Aim: a death yak The bolt of cold hits the death yak. x3
You kill the death yak!
The bolt of cold hits the death yak.
This wand has 2 charges left.
You hear a bellow!
The death yak gores you!
You take 15 damage, and have 98/116 hp.
You hit the death yak. You block the death yak's attack.
You barely miss the death yak.
You tail-slap the death yak, but do no damage.
The death yak barely misses you.
You hit the death yak. You hit the death yak. You block the death yak's attack.
You hit the death yak.
The death yak gores you but does no damage.
You punch the death yak! You block the death yak's attack.
You are feeling very hungry.
You hit the death yak. You punch the death yak! The death yak misses you.
You hit the death yak.
You kill the death yak!
A death yak comes into view.
The death yak bellows!
You hit the death yak. The death yak gores you!!
The death yak moves out of view.
You take 20 damage, and have 82/116 hp.
You hit the death yak but do no damage. The death yak gores you!
You take 13 damage, and have 69/116 hp.
You are too injured to fight recklessly!
You are too injured to fight recklessly!
You hit the death yak but do no damage. You hit the death yak.
You tail-slap the death yak, but do no damage.
The death yak gores you.
You take 4 damage, and have 66/116 hp.
Aim: a death yak The bolt of cold hits the death yak. x3
This wand has 1 charge left.
The death yak closely misses you.
You punch the death yak! The death yak gores you!!
You take 19 damage, and have 48/116 hp.
You punch the death yak! You punch the death yak! The death yak gores you!
* * * LOW HITPOINT WARNING * * *
You take 17 damage, and have 32/116 hp.
You hit the death yak. You block the death yak's attack.
You hit the death yak. You tail-slap the death yak.
You kill the death yak!
Aim: a death yak (lightly wounded)
The bolt of cold misses the death yak.
The bolt of cold hits the death yak.
This wand has 0 charges left.
You block the death yak's attack.
You hit the death yak. You tail-slap the death yak. The death yak gores you!!
* * * LOW HITPOINT WARNING * * *
You take 19 damage, and have 15/116 hp.
Drink which item? (? for menu, Esc to quit)
You feel much better. You block the death yak's attack.
You regained 21 hp, and now have 36/116 hp.
You pummel the death yak!! You block the death yak's attack.
You punch the death yak!
You tail-slap the death yak, but do no damage.
You pummel the death yak!!
You kill the death yak!
You pummel the death yak!!
Your tail-slap misses the death yak.
The death yak closely misses you.
You punch the death yak! The death yak gores you.
* * * LOW HITPOINT WARNING * * *
You take 4 damage, and have 34/116 hp.
You hit the death yak. You tail-slap the death yak.
You hit the death yak but do no damage.
Your tail-slap misses the death yak.
The death yak gores you but does no damage.
You punch the death yak!
You tail-slap the death yak, but do no damage.
The death yak completely misses you.
You hit the death yak but do no damage.
You tail-slap the death yak, but do no damage.
The death yak misses you.
You hit the death yak but do no damage. You punch the death yak!
You kill the death yak!
You block the death yak's attack.
You barely miss the death yak.
You tail-slap the death yak, but do no damage.
You hit the death yak but do no damage. You block the death yak's attack.
You completely miss the death yak.
You tail-slap the death yak, but do no damage.
The death yak gores you!!
* * * LOW HITPOINT WARNING * * *
You take 18 damage, and have 21/116 hp.
Drink which item? (? for menu, Esc to quit)
You feel yourself speed up. The death yak gores you!!
You die...

, ,
,**.....#...+.##.P..........
,,, ......#..###.#....#..'.#
, , ,, ..#.P.#.##.......P.##
, , , ,,
##.......##.....#.... ,
,,.,, *#P..................
, ,,,...
#..............##... , *,
,....###.....##P........P# ,
, ,......##@.#####......P..,
,,, .......Y### #....P...
,,, ............>..........
.......†..............., ,,
,..........Y........... , ,
, ..........YY..., .... , ,
,............Y.#, , , ,
,,,....##P..P##Y.#* ,,, , ,


You could see a death yak.

Vanquished Creatures
  3 hydras
  9 death yaks (Lair:7)
  An unseen horror (D:11)
  A cyclops (D:11)
  A griffon (Lair:7)
  9 elephants
  A black mamba (Lair:3)
  2 sirens (Lair:3)
  A centaur zombie (D:11)
  8 spiny frogs
  4 komodo dragons
  5 two-headed ogres
  2 merfolk
  The ghost of BlindIo the Nimble, a novice FeBe of Trog (D:7)
  2 polar bears (Lair:3)
  2 fire drakes
  13 blink frogs
  2 trolls
  2 spriggans
  2 wyverns (Lair:7)
  35 yaks
  17 wolves
  Grum (Lair:1)
  A basilisk (Lair:4)
  A steam dragon (D:8)
  12 water moccasins
  5 hippogriffs
  A soldier ant (D:11)
  4 orc warriors
  8 ogres
  2 wasps
  4 sky beasts
  5 ice beasts
  2 black bears
  11 porcupines
  2 eyes of draining (D:11)
  2 phantoms
  15 centaurs
  10 big kobolds
  11 crocodiles
  3 gnoll sergeants (D:11)
  23 giant frogs
  4 scorpions
  5 killer bees (D:10)
  4 jellies
  A giant frog skeleton (D:9)
  An iron imp (D:6)
  A giant frog zombie (D:9)
  5 hounds
  6 orc wizards
  7 crimson imps
  7 worker ants
  2 centaur skeletons
  2 quasits (D:8)
  A gnoll shaman (D:7)
  3 orc priests
  11 iguanas
  16 sheep
  A hound skeleton (D:7)
  A worker ant zombie (D:11)
  28 gnolls
  59 river rats
  12 adders
  8 shadow imps
  An ooze (D:1)
  An adder zombie (Ossuary)
  4 worms
  9 giant geckos
  35 orcs
  5 giant cockroaches
  34 goblins
  19 hobgoblins
  5 jackals
  4 quokkas
  4 ball pythons
  A ball python skeleton (D:4)
  8 bats
  2 giant newts
  33 kobolds
  2 orc zombies (Ossuary)
  A quokka skeleton (D:9)
  A quokka zombie (D:5)
  14 rats
  A fungus (D:4)
615 creatures vanquished.

Vanquished Creatures (others)
  A human (D:7)
  6 fungi
  A plant (Lair:2)
8 creatures vanquished.

Grand Total: 623 creatures vanquished

Notes
Turn   | Place    | Note
--------------------------------------------------------------
     0 | D:1      | Raultor the Draconian Monk began the quest for the Orb.
     0 | D:1      | Reached XP level 1. HP: 19/19 MP: 1/1
   229 | D:1      | Reached XP level 2. HP: 26/26 MP: 2/2
   818 | D:2      | Reached XP level 3. HP: 31/33 MP: 3/3
  1248 | D:2      | Found a glowing golden altar of the Shining One.
  1272 | D:2      | Reached skill level 3 in Dodging
  1272 | D:2      | Reached skill level 5 in Unarmed Combat
  1272 | D:2      | Reached XP level 4. HP: 25/40 MP: 4/4
  1281 | D:2      | Reached skill level 4 in Fighting
  1619 | D:2      | Found a deep blue altar of Sif Muna.
  1741 | D:3      | Found a blossoming altar of Fedhas.
  1781 | D:3      | Found a sparkling altar of Nemelex Xobeh.
  1842 | D:3      | Found a stormy altar of Qazlal.
  2127 | D:3      | Reached XP level 5. HP: 47/47 MP: 5/5
  2722 | D:3      | Found an iron altar of Okawaru.
  2722 | D:3      | Found a bloodstained altar of Trog.
  2979 | D:4      | Noticed an ogre
  2994 | D:4      | Killed an ogre
  2994 | D:4      | Reached skill level 5 in Fighting
  2994 | D:4      | Reached XP level 6. HP: 35/56 MP: 6/6
  3239 | D:4      | Found a radiant altar of Vehumet.
  3309 | D:4      | Reached skill level 6 in Unarmed Combat
  3442 | D:4      | Found Bis Otia's Elemental Accessories.
  3627 | D:4      | Reached skill level 4 in Dodging
  4209 | D:4      | Your scales start taking on a rich purple colour.
  4209 | D:4      | Reached XP level 7. HP: 61/61 MP: 7/7
  4586 | D:4      | Reached skill level 7 in Unarmed Combat
  4613 | D:4      | Reached skill level 6 in Fighting
  4946 | D:5      | Entered Level 5 of the Dungeon
  4962 | D:5      | HP: 15/63 [ice beast (7)]
  4968 | D:5      | Reached skill level 5 in Dodging
  4968 | D:5      | Reached XP level 8. HP: 17/70 MP: 8/8
  5266 | D:5      | Reached skill level 8 in Unarmed Combat
  5321 | D:5      | Found a sand-covered staircase.
  5329 | Ossuary  | Entered an ossuary
  6207 | D:6      | Found a snail-covered altar of Cheibriados.
  6261 | D:6      | Reached skill level 7 in Fighting
  6354 | D:6      | Reached skill level 6 in Dodging
  6354 | D:6      | Reached skill level 9 in Unarmed Combat
  6480 | D:6      | Found a white marble altar of Elyvilon.
  6480 | D:6      | Found a shadowy altar of Dithmenos.
  6593 | D:6      | Reached XP level 9. HP: 77/79 MP: 9/9
  6816 | D:7      | Noticed BlindIo's ghost (novice FeBe)
  6887 | D:7      | Found a sacrificial altar of Ru.
  6957 | D:7      | Found a staircase to the Ecumenical Temple.
  6970 | Temple   | Entered the Ecumenical Temple
  7019 | Temple   | Became a worshipper of Ashenzari the Shackled
  7019 | Temple   | Reached * piety under Ashenzari
  7019 | Temple   | Reached ** piety under Ashenzari
  7237 | D:7      | Killed BlindIo's ghost
  7438 | D:7      | Found an ancient bone altar of Kikubaaqudgha.
  7490 | D:7      | Reached skill level 8 in Fighting
  7607 | D:8      | Reached skill level 10 in Unarmed Combat
  7730 | D:8      | Gained mutation: Your mind is acute. (Int +2) [potion of beneficial mutation]
  7860 | D:8      | Found an oddly glowing altar of Pakellas.
  8006 | D:8      | Reached skill level 7 in Dodging
  8333 | D:8      | Reached XP level 10. HP: 23/90 MP: 10/10
  8836 | D:8      | Reached skill level 1 in Shields
  9000 | D:9      | Found a shadowy altar of Dithmenos.
  9023 | D:9      | Found a shimmering altar of Xom.
  9029 | D:9      | Found a shimmering altar of Xom.
  9030 | D:9      | Found a shimmering altar of Xom.
  9035 | D:9      | Found a shimmering altar of Xom.
  9036 | D:9      | Found a shimmering altar of Xom.
  9097 | D:9      | Reached skill level 9 in Fighting
  9097 | D:9      | Reached skill level 11 in Unarmed Combat
  9486 | D:9      | Reached skill level 2 in Shields
 10002 | D:10     | Entered Level 10 of the Dungeon
 10112 | D:10     | Reached *** piety under Ashenzari
 10189 | D:10     | Reached skill level 3 in Shields
 10467 | D:10     | Found a staircase to the Lair.
 10510 | D:10     | Reached skill level 8 in Dodging
 10672 | D:10     | Reached skill level 12 in Unarmed Combat
 10907 | D:10     | Found Icerechefe's Serpentskin Sales.
 10995 | D:10     | Reached XP level 11. HP: 71/99 MP: 8/11
 11108 | D:10     | Reached skill level 10 in Fighting
 11282 | D:11     | Noticed a four-headed hydra
 11297 | D:11     | HP: 24/99 [four-headed hydra (13)]
 11298 | D:11     | Killed a four-headed hydra
 11898 | D:11     | HP: 23/100 [centaur/arrow (7)]
 12547 | D:11     | Noticed an unseen horror
 12561 | D:11     | Killed an unseen horror
 12561 | D:11     | Reached skill level 13 in Unarmed Combat
 12654 | D:11     | Found a white marble altar of Elyvilon.
 12886 | D:11     | HP: 35/151 [orc warrior/scimitar (8)]
 12887 | D:11     | Reached skill level 9 in Dodging
 12951 | D:11     | Found a staircase to the Orcish Mines.
 13565 | D:10     | Reached skill level 1 in Evocations
 13586 | Lair:1   | Entered Level 1 of the Lair of Beasts
 13800 | Lair:1   | Reached skill level 11 in Fighting
 13818 | Lair:1   | Reached skill level 2 in Evocations
 13924 | Lair:1   | Reached XP level 12. HP: 93/110 MP: 13/13
 14034 | Lair:1   | Noticed Grum
 14082 | Lair:1   | Killed Grum
 14684 | Lair:2   | Reached **** piety under Ashenzari
 14698 | Lair:1   | Reached skill level 3 in Evocations
 15135 | Lair:2   | Reached skill level 14 in Unarmed Combat
 15583 | Lair:2   | Reached skill level 4 in Evocations
 16035 | D:4      | Bought Roxanne's Almanac of the Mutagenic Rocks for 778 gold pieces
 16038 | D:4      | Learned a level 2 spell: Stoneskin
 16045 | D:4      | Learned a level 6 spell: Statue Form
 16272 | Lair:2   | Reached skill level 1 in Transmutations
 16272 | Lair:2   | Reached skill level 1 in Earth Magic
 16801 | Lair:2   | Reached skill level 2 in Earth Magic
 16807 | Lair:2   | Reached skill level 2 in Transmutations
 16995 | Lair:3   | Reached skill level 1 in Spellcasting
 16995 | Lair:3   | Reached skill level 3 in Transmutations
 17004 | Lair:3   | Reached skill level 3 in Earth Magic
 17355 | Lair:3   | Found a staircase to the Shoals.
 17394 | Lair:4   | Reached skill level 2 in Spellcasting
 17505 | Lair:3   | Reached skill level 4 in Transmutations
 17774 | Lair:3   | Reached skill level 3 in Spellcasting
 17789 | Lair:3   | Reached skill level 4 in Earth Magic
 18296 | Lair:3   | Reached XP level 13. HP: 92/116 MP: 17/17
 18512 | Lair:4   | Reached ***** piety under Ashenzari
 18673 | Lair:4   | Reached skill level 5 in Transmutations
 18709 | Lair:4   | Found a hole to the Spider Nest.
 19336 | Lair:5   | Reached skill level 5 in Earth Magic
 20025 | Lair:6   | Gained mutation: You possess an exceptional clarity of mind. [potion of beneficial mutation]
 20393 | Lair:6   | Reached skill level 6 in Transmutations
 20747 | Lair:7   | Reached skill level 6 in Earth Magic
 21008 | Lair:7   | Reached skill level 7 in Transmutations
 21044 | Lair:7   | HP: 21/116 [death yak (14)]
 21193 | Lair:7   | Reached skill level 7 in Earth Magic
 21604 | Lair:7   | Reached skill level 8 in Transmutations
 21624 | Lair:7   | Reached skill level 8 in Earth Magic
 21709 | Lair:7   | HP: 15/116 [death yak (20)]
 21725 | Lair:7   | HP: 21/116 [death yak (18)]
 21726 | Lair:7   | Slain by a death yak

Vault maps used:
D:1:      onia_arrival_mini_maze, grunt_decor_arrowhead, st_stairs_4,
          supply_closet_lemuel
D:2:      led_sif_pool, nicolae_overflow_crystal_walls, first_bread, minivault_4
D:3:      nemelex_deck, lemuel_crystal_altar, grunt_qazlal_clouds,
          gammafunk_temple_overflow_statue
D:4:      minmay_goblin_kobold_castle, fiery_altar_vehumet,
          minmay_gold_behind_fungi, minmay_misc_feat_pillars,
          nicolae_elemental_shop
D:5:      chequers_ossuary_entry_cave, serial_column_ruins, column_ruins_hut,
          column_ruins_hut_pillars, column_ruins_open_large,
          column_ruins_corridor_corner, column_ruins_open_tiny,
          column_ruins_open_large, column_ruins_grid_3
D:6:      slow_altar_1, minitemple
D:7:      nicolae_ru_great_annihilating_truth, temple_hall, the_bakery,
          tgw_kikubaaqudgha
D:8:      minmay_crystal_room, minivault_23, grunt_pakellas_basics
D:9:      xom_redecorated, enter_bailey_3, minivault_20,
          grunt_dithmenos_smoke_and_mirrors
D:10:     dpeg_lair_monsters, guppyfry_shop_venom
D:11:     kennysheep_orc_monster_closet_entryway, basic_altar
Temple:   corrupted_temple
Lair:1:   minivault_24, beast_lair_carwin_1, infiniplex_staircase_pool_2,
          grunt_megastairs_5, uniq_grum
Lair:3:   elwin_shoals_entry_stream, minmay_stone_trees_medium,
          grunt_forest_stairs_clearing, grunt_megastairs_4
Lair:4:   dummy_spider_entry, lemuel_fruit_fields, bh_autumn_forest_stairs
Lair:6:   infiniplex_staircase_pool
Lair:7:   beast_lair_carwin_11, lemuel_fruit_tree, grunt_megastairs_3
Ossuary:  ossuary_minmay_tomb_2a

Action                   |  1- 3 |  4- 6 |  7- 9 | 10-12 | 13-15 || total
-------------------------+-------+-------+-------+-------+-------++-------
Melee: Unarmed           |   140 |   297 |   597 |  1346 |   487 ||  2867
 Cast: Stoneskin         |       |       |       |     2 |       ||     2
       Statue Form       |       |       |       |       |     1 ||     1
 Abil: Breathe Dispellin |       |       |     8 |    13 |     1 ||    22
Evoke: Wand              |       |       |       |       |     6 ||     6
  Use: Scroll            |       |       |    19 |     5 |    11 ||    35
       Potion            |       |       |     1 |     6 |     7 ||    14
  Eat: Chunk             |     1 |    10 |    15 |    32 |    11 ||    69
       Pizza             |       |       |       |     1 |       ||     1
       Beef jerky        |       |       |       |     1 |       ||     1
       Royal jelly       |       |       |       |       |     1 ||     1

Vault maps used:
D:1:      onia_arrival_mini_maze, grunt_decor_arrowhead, st_stairs_4,
          supply_closet_lemuel
D:2:      led_sif_pool, nicolae_overflow_crystal_walls, first_bread, minivault_4
D:3:      nemelex_deck, lemuel_crystal_altar, grunt_qazlal_clouds,
          gammafunk_temple_overflow_statue
D:4:      minmay_goblin_kobold_castle, fiery_altar_vehumet,
          minmay_gold_behind_fungi, minmay_misc_feat_pillars,
          nicolae_elemental_shop
D:5:      chequers_ossuary_entry_cave, serial_column_ruins, column_ruins_hut,
          column_ruins_hut_pillars, column_ruins_open_large,
          column_ruins_corridor_corner, column_ruins_open_tiny,
          column_ruins_open_large, column_ruins_grid_3
D:6:      slow_altar_1, minitemple
D:7:      nicolae_ru_great_annihilating_truth, temple_hall, the_bakery,
          tgw_kikubaaqudgha
D:8:      minmay_crystal_room, minivault_23, grunt_pakellas_basics
D:9:      xom_redecorated, enter_bailey_3, minivault_20,
          grunt_dithmenos_smoke_and_mirrors
D:10:     dpeg_lair_monsters, guppyfry_shop_venom
D:11:     kennysheep_orc_monster_closet_entryway, basic_altar
Temple:   corrupted_temple
Lair:1:   minivault_24, beast_lair_carwin_1, infiniplex_staircase_pool_2,
          grunt_megastairs_5, uniq_grum
Lair:3:   elwin_shoals_entry_stream, minmay_stone_trees_medium,
          grunt_forest_stairs_clearing, grunt_megastairs_4
Lair:4:   dummy_spider_entry, lemuel_fruit_fields, bh_autumn_forest_stairs
Lair:6:   infiniplex_staircase_pool
Lair:7:   beast_lair_carwin_11, lemuel_fruit_tree, grunt_megastairs_3
Ossuary:  ossuary_minmay_tomb_2a

Table legend:
 A = Turns spent in this place as a percentage of turns spent in the entire game.
 B = Non-inter-level travel turns spent in this place as a percentage of non-inter-level travel turns spent in the entire game.
 C = Inter-level travel turns spent in this place as a percentage of turns spent in this place.
 D = Turns resting spent in this place as a percentage of non-inter-level travel turns spent in this place.
 E = Turns spent auto-exploring this place as a percentage of non-inter-level travel turns spent in this place.
 F = Non-inter-level travel turns spent in this place divided by the number of levels of this place that you've seen.
                   A       B       C       D       E      F
               +-------+-------+-------+-------+-------+----------------------
         Total | 100.0 | 100.0 |   0.6 |   2.0 |   8.2 | 315.7
       Dungeon |  59.6 |  59.6 |   0.6 |   2.2 |   9.2 | 342.2
        Temple |   0.5 |   0.5 |   3.0 |   0.0 |  21.9 |  32.0
          Lair |  38.9 |  38.9 |   0.7 |   1.9 |   6.8 | 350.4
       Ossuary |   1.0 |   1.0 |   0.0 |   0.0 |   0.0 |  65.0
               +-------+-------+-------+-------+-------+----------------------

Table legend:
 A = Kills in this place as a percentage of kills in entire the game.
 B = Kills by you in this place as a percentage of kills by you in the entire game.
 C = Kills by friends in this place as a percentage of kills by friends in the entire game.
 D = Other kills in this place as a percentage of other kills in the entire game.
 E = Experience gained in this place as a percentage of experience gained in the entire game.
 F = Experience gained in this place divided by the number of levels of this place that you have seen.
                   A       B       C       D       E      F
               +-------+-------+-------+-------+-------+----------------------
         Total | 100.0 | 100.0 |  -nan |  -nan | 100.0 | 3122.1
       Dungeon |  62.5 |  62.5 |  -nan |  -nan |  32.4 | 1836.5
          Lair |  37.0 |  37.0 |  -nan |  -nan |  67.6 | 6033.3
       Ossuary |   0.5 |   0.5 |  -nan |  -nan |   0.0 |   9.0
               +-------+-------+-------+-------+-------+----------------------
